 Dungeon Crawl Stone Soup version 0.20.1-1-g8b1a95d (webtiles) character file.

10670 Gargoyl the Cleaver (level 11, -7/94 HPs)
             Began as a Minotaur Abyssal Knight on Aug 31, 2017.
             Was a High Priest of Lugonu.
             Mangled by a sun demon (13 damage)
             ... summoned by an obsidian statue
             ... on level 10 of the Dungeon.
             The game lasted 00:19:57 (10912 turns).

Gargoyl the Cleaver (Minotaur Abyssal Knight)      Turns: 10912, Time: 00:19:59

Health: -7/94      AC: 17    Str: 25      XL:     11   Next: 39%
Magic:  15/15      EV:  5    Int:  3 (9)  God:    Lugonu [*****.]
Gold:   522        SH: 16    Dex: 13      Spells: 10/10 levels left

rFire    . . .     SeeInvis +   d - +5 war axe
rCold    . . .     Gourm    +   M - +0 large shield
rNeg     . . .     Faith    .   e - +2 plate armour
rPois    .         Spirit   .   N - +2 hat {SInv}
rElec    .         Reflect  .   P - scarf {cloud immunity}
rCorr    .         Harm     .   (no gloves)
MR       .....                  n - +1 pair of boots {Stlth+}
Stlth    ..........             u - amulet of the gourmand
Regen    0.3/turn               t - +6 ring of strength
MPRegen  0.2/turn               s - +2 ring of dexterity

@: corroded
A: retaliatory headbutt, horns 2
a: Depart the Abyss, Bend Space, Banish, Corrupt, Enter the Abyss, Renounce
Religion


You were on level 10 of the Dungeon.
You worshipped Lugonu.
Lugonu was extremely pleased with you.
You were full.

You visited 1 branch of the dungeon, and saw 10 of its levels.
You visited the Abyss 1 time.
You also visited: Ossuary.

You collected 578 gold pieces.
You spent 56 gold pieces at shops.

Inventory:

Hand Weapons
 a - a +1 hand axe
 d - a +5 war axe (weapon)
 K - a +0 broad axe
Missiles
 v - 6 javelins (quivered)
Armour
 e - a +2 plate armour (worn)
 n - a +1 pair of boots of stealth (worn)
 M - a +0 large shield (worn)
 N - a +2 hat of see invisible (worn)
 P - a scarf of cloud immunity (worn)
Jewellery
 c - an uncursed ring of positive energy
 l - an uncursed ring of protection from magic
 s - a +2 ring of dexterity (right hand)
 t - a +6 ring of strength (left hand)
 u - an amulet of the gourmand (around neck)
Wands
 y - a wand of acid (15/15)
 J - a wand of flame (13/48)
 O - a wand of lightning (7/15)
Scrolls
 b - 7 scrolls of remove curse
 h - 5 scrolls of teleportation
 i - 3 scrolls of fear
 p - 5 scrolls of identify
 B - 2 scrolls of amnesia
Potions
 f - 4 potions of curing
 g - 2 potions of lignification
 j - 4 potions of haste
 k - a potion of brilliance {unknown}
 m - 4 potions of berserk rage {unknown}
 q - a potion of magic {unknown}
 A - a potion of might {unknown}
 C - 2 potions of mutation {unknown}
 D - a potion of heal wounds {unknown}
 E - 3 potions of degeneration {unknown}
 F - a potion of ambrosia {unknown}
 G - a potion of agility {unknown}
 H - 2 potions of invisibility {unknown}
 I - 2 potions of cancellation {unknown}
Books
 z - a book of Necromancy

   Spells                             Type                      Level
   a - Pain                           Necromancy                   1
   b - Animate Skeleton               Necromancy                   1
   c - Vampiric Draining              Necromancy                   3
   d - Regeneration                   Charms/Necromancy            3
   e - Animate Dead                   Necromancy                   4
   f - Control Undead                 Necromancy                   4
Comestibles
 o - 2 meat rations
 r - 12 royal jellies
 w - 7 bread rations
 x - 12 fruits


   Skills:
 + Level 8.2 Fighting
 + Level 12.6 Axes
 + Level 1.2 Throwing
 * Level 11.1 Armour
 + Level 2.0 Dodging
 + Level 6.6 Shields
 * Level 7.8 Invocations


You had 10 spell levels left.
You didn't know any spells.

Dungeon Overview and Level Annotations

Branches:
Dungeon (10/15)            Temple (0/1) D:6             Orc (0/2) D:9
   Lair: D:8-11

Altars:
Ru
Vehumet

Shops:
D:9 (

Annotations:
D:10 exclusion: obsidian statue


Innate Abilities, Weirdness & Mutations

You reflexively headbutt those who attack you in melee.
You have a pair of horns on your head.


Message History

The obsidian statue's eyes glow briefly.
Unknown command.
You hit the obsidian statue but do no damage.
You headbutt the obsidian statue, but do no damage.
The obsidian statue is lightly damaged.
You slash the rust devil! You miss the sun demon.
You barely miss the ice devil. The sun demon hits you!
You are engulfed in flames!!
You block the rust devil's attack. The ice devil hits you.
The ice devil freezes you!
* * * LOW HITPOINT WARNING * * *
The obsidian statue's eyes glow briefly.
The obsidian statue attempts to bespell you!
You resist with some effort.
You slash the obsidian statue!
The obsidian statue is moderately damaged.
You hit the ice devil but do no damage. You hit the sun demon.
You slash the rust devil! The sun demon hits you!!
* * * LOW HITPOINT WARNING * * *
You are engulfed in flames!
You die...

<....##...##...#.# #.##
#..#.#.....###.#.# #.##
#....##.....#..#.####.##
#.....##.......#......##
#......##.........######
####
#......?##.....##.#.....
...#
#........##.....#.#.####
##.#
#...#..34.##....#.#.#
.#.#
#..###.@85!#.#......#
.#.#######..#
##.4.#####)#.###
[#.........[#
##(##.....#.#
.#########.##
###.#####.# .....# #.#
#.# #.# .###.### #.# #.#
#.# ...#...# #.# #.# #.#
##.###.###.# #.#
#.###### .........#.#
#.# #.......


You could see an obsidian statue, a sun demon, an ice devil, a rust devil and a
shadow imp.

Vanquished Creatures
  Gastronok (D:10)
  2 two-headed ogres (D:8)
  An orange crystal statue (D:10)
  A centaur zombie (D:10)
  7 hippogriffs
  5 yaks (D:9)
  The ghost of letownia the Insei, an amateur OpTm (D:5)
  Menkaure (D:4)
  2 soldier ants (D:9)
  Edmund (D:6)
  A sky beast (D:8)
  4 orc warriors
  2 phantoms (D:4)
  2 ice beasts
  A centaur (D:8)
  5 ogres
  2 big kobolds
  6 bullfrogs
  2 gnoll sergeants
  3 water moccasin zombies
  3 scorpions
  4 crimson imps
  8 howler monkeys
  2 bullfrog zombies
  9 orc priests
  6 hounds
  Crazy Yiuf (D:7)
  2 jellies
  2 bullfrog skeletons
  2 centaur skeletons
  Jessica (D:3)
  2 iguanas
  Natasha (thrice) (D:3)
  8 orc wizards
  6 worker ants
  3 big kobold zombies (Ossuary)
  2 hound skeletons
  2 mummies (Ossuary)
  Robin (D:4)
  A worker ant zombie (D:10)
  6 adders
  8 gnolls
  A shadow imp (D:8)
  An ooze (D:6)
  6 adder zombies
  An adder skeleton (D:4)
  7 leopard geckos
  31 orcs
  2 giant cockroaches
  17 goblins
  6 hobgoblins
  19 jackals
  16 kobolds
  5 quokkas
  2 ball pythons
  9 bats
  3 frilled lizards
  2 gnoll zombies (Ossuary)
  A hobgoblin zombie (Ossuary)
  A jackal skeleton (D:4)
  7 kobold zombies (Ossuary)
  A leopard gecko zombie (D:7)
  6 orc zombies (Ossuary)
  6 rats
282 creatures vanquished.

Notes
Turn   | Place    | Note
-------+----------+-------------------------------------------
     0 | Abyss:1  | Gargoyl the Minotaur Abyssal Knight began the quest for the Orb.
     0 | Abyss:1  | Reached XP level 1. HP: 19/19 MP: 1/1
    24 | Abyss:1  | Found a hazy altar of Hepliaklqana.
    51 | Abyss:2  | Noticed a chaos spawn
   103 | Abyss:3  | Noticed a worldbinder
   115 | D:1      | Escaped the Abyss
   205 | D:1      | Reached * piety under Lugonu
   254 | D:1      | Reached XP level 2. HP: 23/27 MP: 2/2
   938 | D:2      | Found a radiant altar of Vehumet.
  1053 | D:2      | Reached XP level 3. HP: 33/33 MP: 3/3
  1303 | D:2      | Reached skill level 3 in Axes
  1580 | D:3      | Noticed Natasha
  1588 | D:3      | Killed Natasha
  1592 | D:3      | Noticed Natasha
  1606 | D:3      | Killed Natasha
  1606 | D:3      | Reached XP level 4. HP: 38/41 MP: 4/4
  1748 | D:3      | Noticed Natasha
  1750 | D:3      | Reached ** piety under Lugonu
  1757 | D:3      | Killed Natasha
  1774 | D:3      | Noticed Jessica
  1778 | D:3      | Killed Jessica
  1778 | D:3      | Reached XP level 5. HP: 47/47 MP: 5/5
  2322 | D:3      | Reached skill level 4 in Axes
  2697 | D:4      | Found a sacrificial altar of Ru.
  2701 | D:4      | Noticed Robin
  2716 | D:4      | Killed Robin
  2743 | D:4      | Noticed a phantom
  2757 | D:4      | Killed a phantom
  2757 | D:4      | Reached skill level 5 in Axes
  2757 | D:4      | Reached XP level 6. HP: 42/53 MP: 7/7
  2833 | D:4      | Reached skill level 5 in Armour
  2833 | D:4      | Reached skill level 1 in Shields
  3329 | D:4      | Noticed Menkaure
  3339 | D:4      | Killed Menkaure
  3339 | D:4      | Reached skill level 6 in Axes
  3339 | D:4      | Reached XP level 7. HP: 24/60 MP: 8/8
  3737 | D:5      | Entered Level 5 of the Dungeon
  3759 | D:5      | Reached skill level 5 in Fighting
  4052 | D:5      | Reached *** piety under Lugonu
  4316 | D:5      | Noticed a hippogriff
  4323 | D:5      | Killed a hippogriff
  4323 | D:5      | Reached skill level 7 in Axes
  4323 | D:5      | Reached XP level 8. HP: 65/68 MP: 10/10
  4419 | D:5      | Noticed letownia's ghost (amateur OpTm)
  4434 | D:5      | Killed letownia's ghost
  4799 | D:6      | Reached skill level 8 in Axes
  5067 | D:6      | Noticed Edmund
  5108 | D:6      | Killed Edmund
  5285 | D:6      | Reached skill level 5 in Invocations
  5341 | D:6      | Reached **** piety under Lugonu
  5404 | D:6      | Reached skill level 9 in Axes
  5413 | D:6      | Reached XP level 9. HP: 43/75 MP: 11/11
  5669 | D:6      | Found a staircase to the Ecumenical Temple.
  5949 | D:7      | Found a sand-covered staircase.
  5969 | Ossuary  | Entered an ossuary
  6508 | D:7      | Reached skill level 10 in Axes
  6549 | D:7      | Found a runed door.
  6897 | D:7      | Noticed Crazy Yiuf
  6900 | D:7      | Killed Crazy Yiuf
  6900 | D:7      | Reached ***** piety under Lugonu
  7000 | D:8      | Noticed a two-headed ogre
  7207 | D:8      | Killed a two-headed ogre
  7241 | D:8      | Reached skill level 5 in Shields
  7241 | D:8      | Reached XP level 10. HP: 55/84 MP: 13/13
  7778 | D:8      | Noticed a two-headed ogre
  7786 | D:8      | Killed a two-headed ogre
  7786 | D:8      | Reached skill level 11 in Axes
  8027 | D:9      | Noticed Gastronok
  8042 | D:8      | Reached skill level 1 in Throwing
  8120 | D:9      | Found Kauzaf's Weapon Shop.
  8120 | D:9      | Found a staircase to the Orcish Mines.
  8427 | D:9      | Bought a +0 broad axe for 56 gold pieces
  8638 | D:9      | Reached skill level 10 in Armour
  9091 | D:9      | Reached skill level 12 in Axes
  9763 | D:9      | Reached XP level 11. HP: 93/93 MP: 15/15
  9823 | D:10     | Entered Level 10 of the Dungeon
  9985 | D:10     | Killed Gastronok
 10168 | D:10     | Noticed an obsidian statue
 10174 | D:10     | Identified a scroll of acquirement
 10297 | D:10     | Noticed an orange crystal statue
 10413 | D:10     | Killed an orange crystal statue
 10908 | D:10     | Noticed a sun demon
 10912 | D:10     | Mangled by a sun demon

Skill      XL: |  1  2  3  4  5  6  7  8  9 10 11 |
---------------+----------------------------------+-----
Fighting       | 4 5 6 7 8 |  8.2
Armour         | 3 4 5 6 7 9 10 11 | 11.1
Invocations    | 2 3 4 5 6 7 |  7.8
Axes           | 3 5 6 7 9 10 12 | 12.6
Shields        | 1 2 4 5 6 |  6.6
Throwing       | 1 |  1.2
Dodging        | 2 |  2.0

Action                   |  1- 3 |  4- 6 |  7- 9 | 10-12 || total
-------------------------+-------+-------+-------+-------++-------
Melee: War axe           |    73 |   115 |   280 |   257 ||   725
       Headbutt          |    10 |    16 |    50 |    60 ||   136
Throw: Javelin           |       |       |     4 |     6 ||    10
Invok: Depart the Abyss  |     1 |       |       |       ||     1
  Use: Scroll            |     8 |     2 |     7 |     4 ||    21
       Potion            |       |       |     1 |       ||     1
  Eat: Chunk             |     2 |     1 |    24 |     9 ||    36
       Bread ration      |       |     1 |       |       ||     1
Armor: Plate armour      |    85 |    95 |   179 |   174 ||   533
       Leather armour    |     1 |       |       |       ||     1
Dodge: Dodged            |    32 |     9 |    47 |    56 ||   144
Block: Shield            |     6 |    55 |   150 |    80 ||   291
       Large shield      |       |       |       |    72 ||    72
